 Dungeon Crawl Stone Soup version 0.25.1-2-g60ff931df9 (webtiles) character file.

Game seed: 5614990178456723999

14 pokeman the Magician (level 2, -2/16 HPs)
             Began as a Deep Elf Wizard on Oct 18, 2020.
             Slain by a gnoll
             ... wielding a +0 whip of flaming
              (6 damage)
             ... on level 1 of the Dungeon.
             The game lasted 00:02:57 (939 turns).

pokeman the Magician (Deep Elf Wizard)               Turns: 939, Time: 00:02:58

Health: -2/16      AC:  3    Str:  4    XL:     2   Next: 27%
Magic:  6/9        EV: 13    Int: 22    God:
Gold:   62         SH:  0    Dex: 13    Spells: 9/10 levels left

rFire    . . .     SeeInvis .   i - +1 dagger (elec)
rCold    . . .     Gourm    .   (no shield)
rNeg     . . .     Faith    .   a - +0 robe
rPois    .         Spirit   .   g - +0 helmet
rElec    .         Reflect  .   k - scarf {+Inv}
rCorr    .         Harm     .   (no gloves)
MR       .....                  (no boots)
Stlth    ++........             (no amulet)
HPRegen  0.05/turn              (no ring)
MPRegen  0.11/turn              (no ring)

@: no status effects
A: no striking features
a: Evoke Invisibility


You were on level 1 of the Dungeon.
You were not hungry.

You visited 1 branch of the dungeon, and saw 2 of its levels.

You collected 62 gold pieces.

Inventory:

Hand Weapons
 i - a +1 dagger of electrocution (weapon)
Armour
 a - a +0 robe (worn)
 g - a +0 helmet (worn)
 k - a scarf of invisibility (worn)
Scrolls
 b - a scroll of remove curse {unknown}
 e - 5 scrolls of identify {unknown}
 f - a scroll of teleportation {unknown}
 j - a scroll of random uselessness {unknown}
Potions
 c - 2 potions of heal wounds {unknown}
 h - a potion of might {unknown}
Comestibles
 d - 6 rations


   Skills:
 + Level 0.4 Fighting
 + Level 0.4 Armour
 - Level 2.4 Dodging
 - Level 2.4 Stealth
 * Level 4.8 Spellcasting
 + Level 1.4 Conjurations
   Level 1.1 Summonings
   Level 1.1 Translocations


You had 9 spell levels left.
You knew the following spells:

 Your Spells              Type           Power        Failure   Level  Hunger
a - Magic Dart            Conj           ##..         5%          1    None

Your spell library contained the following spells:

 Spells                   Type           Power        Failure   Level  Hunger
 Blink                    Tloc           N/A          10%         2    None
 Call Imp                 Summ           ##......     10%         2    None
 Slow                     Hex            #.......     16%         2    None
 Conjure Flame            Conj/Fire      #.......     22%         3    ##.....
 Mephitic Cloud           Conj/Pois/Air  #.......     26%         3    ##.....


Dungeon Overview and Level Annotations

Branches:
Dungeon (2/15)

Altars:


Message History

The gnoll hits you with a +0 whip of flaming.
The gnoll burns you.
* * * LOW HITPOINT WARNING * * *
Casting: Magic Dart (safe; 5% risk of failure)
Confirm with . or Enter, or press ? or * to list all spells.
Aiming: Magic Dart (safe; 5% risk of failure)
Press: ? - help, Shift-Dir - straight line, f/p - gnoll
Aim: a gnoll, wielding a +0 whip of flaming (moderately wounded)
The magic dart hits the gnoll but does no damage.
The gnoll is moderately wounded.
The gnoll closely misses you.
Casting: Magic Dart (safe; 5% risk of failure)
Confirm with . or Enter, or press ? or * to list all spells.
Aiming: Magic Dart (safe; 5% risk of failure)
Press: ? - help, Shift-Dir - straight line, f/p - gnoll
Aim: a gnoll, wielding a +0 whip of flaming (moderately wounded)
The magic dart hits the gnoll but does no damage.
The gnoll is moderately wounded.
The gnoll hits you with a +0 whip of flaming.
You die...

.###.#.#......#........'.#
###....#.####.#........#(#
###......# #.##.#..####.#####
.........####.......# #......#
#..............#.##.# #..###.###
#.#..............##.###..#...).#
#.######.........##......#.#.#.##
.................##......#.#.#...
....###.........@......#.#.#.####
..#.# #.##.#...g)#######.#.#....#
..#.# #.##.#.............#.......
..#.###.##.#...###########..###.#
..#.....##.#.#.# #..# #.#
.#.....###.#.#.# #..# #.#
.#.....# #.#.#.##### #..# #.#
.#.....###.#.#.#...# ##..###.#
.#[....##......#...######.......#


You could see a gnoll.

Vanquished Creatures
  A dart slug (D:1)
  A giant cockroach (D:1)
  2 goblins (D:1)
  A hobgoblin (D:1)
  3 bats (D:1)
  2 frilled lizards (D:1)
  A kobold (D:2)
  A rat (D:1)
12 creatures vanquished.

Notes
Turn   | Place    | Note
-------+----------+-------------------------------------------
     0 | D:1      | pokeman the Deep Elf Wizard began the quest for the Orb.
     0 | D:1      | Reached XP level 1. HP: 10/10 MP: 7/7
   295 | D:1      | Reached XP level 2. HP: 16/16 MP: 5/9
   939 | D:1      | Slain by a gnoll

Illustrated notes

Levels and vault maps discovered:
D:1:      minmay_arrival_statue_studded, layout_basic
D:2:      layout_loops_ring, marbit_many_paths, minmay_joined_circles

Action                   || total
-------------------------++-------
Melee: Dagger            ||     1
 Cast: Magic Dart        ||    28
Armor: Robe              ||     3
Dodge: Dodged            ||     6
